Cogmind - Beta 13 @@@ ROGUE MODE // 2024.05.18 @ 15:48:07 Player: Bace Troncons Result: Destroyed by S-27 Virus with Autogun Performance ------------- Evolutions (5) 2500 Regions Visited (7) 1400 Robots Destroyed (65) 325 Value Destroyed (1741) 1741 Prototype IDs (16) 320 Alien Tech Used (0) 0 Bonus (1100) 1100 TOTAL SCORE: 7386 Bonus ------- Met Warlord at Base 500 MAIN.C Attacked Warlord 500 Warlord Defense Kills 100 Cogmind --------- Core Integrity 0/1000 Matter 300/300 Energy 100/100 System Corruption 0% Temperature Cool (0) Movement Core (50) Location -4/Proximity Caves Parts ------- > --- POWER (2) -------- (None) > --- PROPULSION (4) --- (None) > --- UTILITY (7) ------ Advanced Hacking Suite > --- WEAPON (4) ------- (None) > --- INVENTORY (5) ---- Improved Terrain Scanner Improved Melee Analysis Suite Relay Coupler [Specialist] (19) Relay Coupler [Hunter] (27) Relay Coupler [Heavy] (21) Peak State ------------ > --- POWER ------------ Particle-Ion Reactor > --- PROPULSION ------- FC-Carbon Exoskeleton > --- UTILITY ---------- Armored Scrap Engine Structural Scanner Improved Signal Interpreter Improved Terrain Scanner Point Defense System Advanced Hacking Suite > --- WEAPON ----------- Heavy Rocket Launcher Thermic Particle Construct/G Spread Laser Storm Construct/G Segregator > --- INVENTORY -------- Improved Terrain Scanner Improved Melee Analysis Suite Relay Coupler [Specialist] Relay Coupler [Hunter] Relay Coupler [Heavy] [Rating: 79] Favorites ----------- Power Ion Engine Engine Ion Engine Reactor Constructs Propulsion Light Treads Treads Light Treads Leg Cargo Legs Utility Makeshift Light Armor Plating Device Armored Scrap Engine Storage Huge Storage Unit Processor Improved Signal Interpreter Hackware Advanced Hacking Suite Protection Makeshift Light Armor Plating Weapon Makeshift Axe Energy Gun Constructs Ballistic Gun Light Assault Rifle Ballistic Cannon Improved Light Cannon Launcher Heavy Rocket Launcher Slashing Weapon Makeshift Axe Piercing Weapon Makeshift Spear Build | -11 -10 -10 -7 -5 -5 -5 -4 ------- Run | Yrd Mat Sub Rec Fac Upp War Pro Slots Evolved 10 | . . . . 10 . . . Power 1 | . . . . 1 . . . Propulsion 2 | . . . . 2 . . . Utility 5 | . . . . 5 . . . Weapon 2 | . . . . 2 . . . Parts Attached 51 | 7 11 18 2 9 3 1 . Power 5 | 1 3 1 . . . . . Engine 5 | 1 3 1 . . . . . Core . | . . . . . . . . Reactor . | . . . . . . . . Propulsion 6 | 2 1 3 . . . . . Treads 5 | 2 1 2 . . . . . Leg 1 | . . 1 . . . . . Wheel . | . . . . . . . . Hover . | . . . . . . . . Flight . | . . . . . . . . Utility 18 | 1 3 3 1 8 2 . . Device 8 | . . . 1 6 1 . . Storage 3 | 1 1 . . 1 . . . Processor 1 | . . . . . 1 . . Hackware 1 | . . . . 1 . . . Protection 5 | . 2 3 . . . . . Artifact . | . . . . . . . . Weapon 22 | 3 4 11 1 1 1 1 . Energy Gun 2 | 2 . . . . . . . Energy Cannon . | . . . . . . . . Ballistic Gun 7 | 1 1 5 . . . . . Ballistic Cannon 3 | . 3 . . . . . . Launcher 1 | . . . . . 1 . . Special Weapon . | . . . . . . . . Impact Weapon . | . . . . . . . . Slashing Weapon 8 | . . 5 1 1 . 1 . Piercing Weapon 1 | . . 1 . . . . . Special Melee Weapon . | . . . . . . . . Unidentified Prototypes . | . . . . . . . . Parts Lost 23 | . . 1 . 1 5 8 8 Power 2 | . . 1 . . . . 1 Propulsion 5 | . . . . . . 1 4 Utility 8 | . . . . . 2 3 3 Weapon 8 | . . . . 1 3 4 . Highest Loss Streak 16 | . . 1 . 1 4 8 16 To Critical Strikes . | . . . . . . . . Average Slot Usage (%) 77 | . 99 79 66 58 55 60 24 Engine 10 | . 14 11 10 5 5 4 . Treads 8 | . 28 3 . . . . . Leg 5 | . . 9 11 1 . 1 3 Device 6 | . . . 11 19 27 22 8 Storage 4 | . 14 1 . 4 . . . Protection 18 | . 13 30 22 2 . . . Energy Gun 1 | . . . . 6 8 4 . Ballistic Gun 3 | . 8 3 . . . . . Ballistic Cannon 6 | . 18 4 . . . . . Slashing Weapon 7 | . . 14 11 5 . 1 . Naked Turns . | . . . . . . . . Heaviest Build 95 | 14 93 95 35 38 19 48 17 Greatest Support 55 | 40 40 55 55 52 52 37 36 Greatest Overweight (x) 5 | . 2 2 . 2 . 1 5 Average Overweight (x) . | . . . . . . . . Largest Inventory Capacity 25 | 8 25 25 5 10 5 5 5 Average Capacity 9 | 6 17 7 5 9 5 5 5 Most Carried 13 | 4 12 13 5 5 4 5 5 Average Carried 5 | 2 9 5 4 2 3 3 5 Final Capacity 25 | 8 25 5 5 5 5 5 5 Final Carried 12 | 4 12 5 5 4 3 5 5 Scrap Engine Consumption 115 | . . . 50 29 4 32 . Constructs Created 7 | . . . 1 3 . 2 1 Constructs Modified 26 | . . . 3 8 3 10 2 Class Distribution -------------------- 58% | Mutant 29% | Derelict-Mutant 8% | Construct 3% | Skirmisher Dominant Class ---------------- Mutant | -10/Materials Derelict-Mutant | -10/Subcaves Mutant | -7/Recycling Mutant | -5/Factory Construct | -5/Upper Caves Mutant | -5/Warlord Mutant | -4/Proximity Caves Resources | -11 -10 -10 -7 -5 -5 -5 -4 ----------- Run | Yrd Mat Sub Rec Fac Upp War Pro Matter Collected 1170 | 197 361 318 60 86 110 38 . Remotely . | . . . . . . . . Salvage Created 2689 | . 406 572 1218 195 257 41 . Parts 148 | . 38 35 48 16 11 . . Haulers Intercepted 2 | . 2 . . . . . . Recyclers Shooed 1 | . 1 . . . . . . Parts Field Recycled . | . . . . . . . . Retrieved Matter . | . . . . . . . . Parts Self-Destructed 27 | . . 12 . . 9 . 6 Prevented . | . . . . . . . . Kills | -11 -10 -10 -7 -5 -5 -5 -4 ------- Run | Yrd Mat Sub Rec Fac Upp War Pro Combat Hostiles Destroyed 51 | . 14 18 4 4 10 1 . Melee 20 | . . 12 4 3 1 . . Guns 18 | . 8 5 . 1 3 1 . Cannons 7 | . 6 1 . . . . . AOE 6 | . . . . . 6 . . Classes Destroyed 9 | . 4 2 2 1 . . . Builder 2 | . . . 1 1 . . . Tunneler 2 | . . . . 2 . . . Hauler 2 | . 2 . . . . . . Recycler 6 | . . . 6 . . . . Watcher 2 | . 1 . . 1 . . . Swarmer 22 | . 6 6 . 4 6 . . Grunt 13 | . 8 . . . 4 1 . Sentry 5 | . . 1 4 . . . . Subdweller 11 | . . 11 . . . . . Best Kill Streak 6 | . 3 3 4 3 6 1 . Combat Bots Only 6 | . 3 3 1 3 6 1 . Max Kills in Single Turn 3 | . 1 1 1 1 3 1 . Gunslinging . | . . . . . . . . Exploded 3 | . . . . . 3 . . Melee 1 | . . 1 1 1 1 . . Uniques/NPCs Destroyed . | . . . . . . . . Combat | -11 -10 -10 -7 -5 -5 -5 -4 -------- Run | Yrd Mat Sub Rec Fac Upp War Pro Hostile Shots Fired 601 | . 57 130 72 28 64 112 138 Missed 212 | . 14 42 33 7 16 44 56 Damage Taken 6144 | . 415 1257 319 337 880 1407 1529 Core 1256 | . 51 153 40 75 121 230 586 Absorbed by Shields . | . . . . . . . . Redirected to Shielding 27 | . . . 9 18 . . . Regen/Repaired (Parts) 1033 | . 109 . 49 131 83 590 71 Core Remaining (%) 51 | 100 . . 2 . . . . Volleys Fired 117 | . 55 38 . 3 20 1 . Largest 2 | . 2 2 . 2 2 2 . Hottest 125 | . 74 74 . 91 125 120 . Shots Fired 176 | . 92 47 . 4 31 2 . Gun 114 | . 54 29 . 4 25 2 . Cannon 56 | . 38 18 . . . . . Launcher 6 | . . . . . 6 . . Special . | . . . . . . . . Kinetic 147 | . 88 47 . 1 11 . . Thermal 23 | . 4 . . 3 14 2 . Explosive 6 | . . . . . 6 . . Electromagnetic . | . . . . . . . . Robot Hit Streak 13 | . 13 8 . 4 9 2 . Robot Miss Streak 6 | . 6 3 . . 3 . . Penetration Max . | . . . . . . . . Secondary Targets 2 | . . . . . 2 . . Max Gunslinging Chain 1 | . . . . . 1 . . Shots Hit Robots 165 | . 49 61 22 12 20 1 . Core Hits 79 | . 26 19 12 4 17 1 . Critical Kills . | . . . . . . . . Critical Parts Destroyed 1 | . 1 . . . . . . Critical Strikes 7 | . 3 3 1 . . . . Burn 1 | . 1 . . . . . . Destroy 1 | . 1 . . . . . . Blast 1 | . 1 . . . . . . Sever 4 | . . 3 1 . . . . Melee Attacks 151 | . . 92 35 23 1 . . Impact . | . . . . . . . . Slashing 136 | . . 77 35 23 1 . . Piercing 15 | . . 15 . . . . . Sneak Attacks 15 | . . . 10 4 1 . . Combat Hostiles 3 | . . . 2 . 1 . . Follow-up Attacks 3 | . . 3 . . . . . Damage Inflicted 6201 | . 709 1591 1955 774 1153 19 . Guns 1166 | . 254 342 . 44 507 19 . Cannons 663 | . 454 209 . . . . . Explosions 528 | . . . . . 528 . . Melee 3843 | . . 1040 1955 730 118 . . Ramming 1 | . 1 . . . . . . Kinetic 1470 | . 682 551 . . 237 . . Thermal 359 | . 26 . . 44 270 19 . Explosive 528 | . . . . . 528 . . Electromagnetic . | . . . . . . . . Impact . | . . . . . . . . Slashing 3817 | . . 1014 1955 730 118 . . Piercing 26 | . . 26 . . . . . Highest Corruption . | . . . . . . . . Average Corruption . | . . . . . . . . Corruption Purged . | . . . . . . . . Corruption Blocked . | . . . . . . . . Overload Shots . | . . . . . . . . Overflow Damage 776 | . . 16 387 322 51 . . Projectiles . | . . . . . . . . Explosions 51 | . . . . . 51 . . Melee 725 | . . 16 387 322 . . . Knockbacks 8 | . 6 2 . . . . . Impact . | . . . . . . . . Kinetic 8 | . 6 2 . . . . . Secondary . | . . . . . . . . Self-Inflicted Damage 52 | . . . . . 52 . . Shots 1 | . . . . . 1 . . Rammed 1 | . 1 . . . . . . Targets Rammed 1 | . 1 . . . . . . Kicked . | . . . . . . . . Crushed . | . . . . . . . . Highest Temperature 153 | . 133 . 5 . 153 41 10 Average Temperature 42 | . 37 . 4 . 65 18 8 Received Heat Transfer 1113 | . 81 105 108 9 198 291 321 Siege Activations . | . . . . . . . . Robots Corrupted . | . . . . . . . . Combat Hostiles . | . . . . . . . . Parts Fried . | . . . . . . . . Impact Corruptions . | . . . . . . . . Robots Melted . | . . . . . . . . Combat Hostiles . | . . . . . . . . Parts Melted . | . . . . . . . . Heat Transferred 222 | . 148 . . 74 . . . Parts Sabotaged . | . . . . . . . . Parts Stolen . | . . . . . . . . Parts Stripped . | . . . . . . . . Power Chain Reactions . | . . . . . . . . Alert | -11 -10 -10 -7 -5 -5 -5 -4 ------- Run | Yrd Mat Sub Rec Fac Upp War Pro Peak Influence 292 | . 292 . 156 124 . . . Initial 100 | . . . 100 . . . . Average 50 | . 56 . 34 67 . . . Maximum Alert Level 1 | . 1 . . . . . . Low Security (%) 95 | 100 90 . 100 100 . . . Level 1 4 | . 9 . . . . . . Level 2 . | . . . . . . . . Level 3 . | . . . . . . . . Level 4 . | . . . . . . . . Level 5 . | . . . . . . . . High Security . | . . . . . . . . Max Security . | . . . . . . . . Squads Dispatched 4 | . 3 . . 1 . . . Investigation 3 | . 3 . . . . . . Extermination 1 | . . . . 1 . . . Reinforcement . | . . . . . . . . Assault . | . . . . . . . . Garrison . | . . . . . . . . Intercept . | . . . . . . . . Searches Triggered . | . . . . . . . . Construction Impeded . | . . . . . . . . Haulers Reinforced . | . . . . . . . . Active Scanning Responses . | . . . . . . . . Cargo Convoy Interrupts . | . . . . . . . . Stealth | -11 -10 -10 -7 -5 -5 -5 -4 --------- Run | Yrd Mat Sub Rec Fac Upp War Pro Distress Signals 3 | . 2 . . . . 1 . Communications Jammed . | . . . . . . . . Distress Signals . | . . . . . . . . Times Spotted 114 | . 25 24 3 10 11 24 17 Peak Tracking Total 16 | . 5 5 2 6 7 12 16 Tactical Retreats 9 | . 2 2 . 2 1 2 . Traps | -11 -10 -10 -7 -5 -5 -5 -4 ------- Run | Yrd Mat Sub Rec Fac Upp War Pro Traps Triggered 3 | . 3 . . . . . . Indirectly . | . . . . . . . . Trap Hack Attempts . | . . . . . . . . Triggered . | . . . . . . . . Disarmed . | . . . . . . . . Reprogrammed . | . . . . . . . . Reused . | . . . . . . . . Traps Extracted . | . . . . . . . . Installed . | . . . . . . . . Triggered 13 | . . . . . . 13 . Machines | -11 -10 -10 -7 -5 -5 -5 -4 ---------- Run | Yrd Mat Sub Rec Fac Upp War Pro Machines Disabled 3 | . . 1 1 . 1 . . Max in Single Turn 1 | . . 1 1 . 1 . . Machines Repaired . | . . . . . . . . Machines Dismantled . | . . . . . . . . Machines Sabotaged . | . . . . . . . . Overloaded Fab Kills . | . . . . . . . . Hacking | -11 -10 -10 -7 -5 -5 -5 -4 --------- Run | Yrd Mat Sub Rec Fac Upp War Pro Machines Accessed 27 | . 7 1 9 3 1 5 1 Terminals 14 | . 5 . 5 2 1 . 1 Fabricators . | . . . . . . . . Repair Stations 1 | . 1 . . . . . . Recycling Units 5 | . 1 . 4 . . . . Scanalyzers 1 | . . . . 1 . . . Garrison Access . | . . . . . . . . Total Hacks 62 | . 16 1 21 6 4 9 5 Successful 34 | . 4 1 9 2 4 9 5 Failed 28 | . 12 . 12 4 . . . Catastrophic 4 | . 2 . 2 . . . . Database Lockouts . | . . . . . . . . Manual 13 | . 6 . 1 3 . 3 . Terminals 39 | . 12 . 14 4 4 . 5 Fabricators . | . . . . . . . . Repair Stations 2 | . 2 . . . . . . Recycling Units 9 | . 2 . 7 . . . . Scanalyzers 2 | . . . . 2 . . . Garrison Access . | . . . . . . . . Terminal Hacks 27 | . 1 1 6 1 4 9 5 Record 17 | . . . 1 . 4 7 5 Part Schematic 1 | . . . 1 . . . . Robot Analysis 1 | . . . 1 . . . . Prototype ID Bank 1 | . . . 1 . . . . Open Door 2 | . . . . . . 2 . Open DSF 1 | . . . . 1 . . . Unreport Threat 3 | . 1 . 2 . . . . Derelict Proto ID Bank 1 | . . 1 . . . . . Fabricator Hacks . | . . . . . . . . Repair Station Hacks 2 | . 2 . . . . . . Scan Component 1 | . 1 . . . . . . Repair 1 | . 1 . . . . . . Recycling Unit Hacks 4 | . 1 . 3 . . . . Retrieve Components 4 | . 1 . 3 . . . . Scanalyzer 1 | . . . . 1 . . . Insert Component 1 | . . . . 1 . . . Garrison Access Hacks . | . . . . . . . . Unauthorized Hacks . | . . . . . . . . Terminals . | . . . . . . . . Fabricators . | . . . . . . . . Repair Stations . | . . . . . . . . Recycling Units . | . . . . . . . . Scanalyzers . | . . . . . . . . Garrison Access . | . . . . . . . . Data Cores Recovered . | . . . . . . . . Used . | . . . . . . . . Hacking Detections 18 | . 6 . 8 2 1 . 1 Full Trace Events 2 | . 1 . . . 1 . . Feedback Events . | . . . . . . . . Feedback Blocked . | . . . . . . . . Robot Schematics Acquired . | . . . . . . . . Robots Built . | . . . . . . . . Authchips . | . . . . . . . . Time . | . . . . . . . . Total Robot Build Rating . | . . . . . . . . Part Schematics Acquired 1 | . . . 1 . . . . Parts Built . | . . . . . . . . Authchips . | . . . . . . . . Time . | . . . . . . . . Total Part Build Rating . | . . . . . . . . Parts Repaired 1 | . 1 . . . . . . Time 32 | . 32 . . . . . . Parts Recycled . | . . . . . . . . Recycled Matter . | . . . . . . . . Retrieved Matter . | . . . . . . . . Retrieved Components 11 | . 1 . 10 . . . . Parts Scanalyzed . | . . . . . . . . Part Schematics Acquired . | . . . . . . . . Parts Damaged . | . . . . . . . . Bothacking | -11 -10 -10 -7 -5 -5 -5 -4 ------------ Run | Yrd Mat Sub Rec Fac Upp War Pro Used RIF Installer . | . . . . . . . . Robots Hacked . | . . . . . . . . Non-combat . | . . . . . . . . Combat . | . . . . . . . . Robot Hacks Applied . | . . . . . . . . Relay Couplers Released . | . . . . . . . . Fabnet Peak Effective % . | . . . . . . . . Robots Rewired . | . . . . . . . . Allies Hacked . | . . . . . . . . Hacks Repelled . | . . . . . . . . Allies | -11 -10 -10 -7 -5 -5 -5 -4 -------- Run | Yrd Mat Sub Rec Fac Upp War Pro Total Allies . | . . . . . . . . Largest Group . | . . . . . . . . Highest-Rated Group . | . . . . . . . . Highest-Rated Ally . | . . . . . . . . Total Orders . | . . . . . . . . Ally Attacks . | . . . . . . . . Total Damage . | . . . . . . . . Kills . | . . . . . . . . Allies Corrupted . | . . . . . . . . Allies Melted . | . . . . . . . . Intel | -11 -10 -10 -7 -5 -5 -5 -4 ------- Run | Yrd Mat Sub Rec Fac Upp War Pro Robot Analysis Total 1 | . . . 1 . . . . Derelict Logs Recovered 1 | . . 1 . . . . . Drone Launches . | . . . . . . . . Drone Recoveries . | . . . . . . . . Exploration | -11 -10 -10 -7 -5 -5 -5 -4 ------------- Run | Yrd Mat Sub Rec Fac Upp War Pro Turns Passed 8586 | 70 2096 3156 1333 666 315 848 102 Spaces Moved 5658 | 38 814 1978 914 546 162 1124 82 Core 24 | 4 . . . . . . 20 Treads 981 | 34 814 106 . 27 . . . Legs 2975 | . . 1872 914 . . 142 47 Wheels 200 | . . . . 200 . . . Hover 1045 | . . . . . 139 906 . Flight 433 | . . . . 319 23 76 15 Fastest Speed 41 | 50 160 130 130 57 43 41 50 Average Speed 127 | 148 225 137 130 91 44 63 123 Slowest Speed 320 | 160 320 320 130 199 57 177 300 Overloaded Moves . | . . . . . . . . Propulsion Burnouts . | . . . . . . . . Robots Hopped . | . . . . . . . . Cave-ins Triggered . | . . . . . . . . Exploration Rate (%) 53 | 4 99 78 99 16 24 80 28 Regions Visited 7 Branch Regions 5 Pre-discovered Areas 1 | . . . . . 1 . . Known Exits Taken 2 | . . . . . 1 1 . Unknown Exits Taken 5 | 1 1 1 1 1 . . . Scrap Searched 11 | . . 10 . . 1 . . Spaces Dug 29 | . . 15 3 11 . . . Terrain Destroyed 96 | . 2 16 3 11 64 . . Melee 29 | . . 15 3 11 . . . Projectile 12 | . 2 1 . . 9 . . AOE 55 | . . . . . 55 . . Terrain Rammed . | . . . . . . . . Walls Destroyed . | . . . . . . . . Machines Disabled . | . . . . . . . . Actions | -11 -10 -10 -7 -5 -5 -5 -4 --------- Run | Yrd Mat Sub Rec Fac Upp War Pro Total 6690 | 49 995 2282 994 660 370 1258 82 Wait 616 | . 91 128 26 70 183 118 . Move 5651 | 37 813 1977 913 545 161 1123 82 Hop . | . . . . . . . . Pick Up 38 | 4 10 7 5 4 2 6 . Fast Attach 29 | 6 7 8 2 5 . 1 . Attach 9 | 1 . 1 . 4 3 . . Detach 11 | 1 3 . 3 3 . 1 . Swap 13 | . 4 9 . . . . . Drop 49 | . 11 18 10 3 . 7 . Fire 117 | . 55 38 . 3 20 1 . Melee 143 | . . 84 35 23 1 . . Ram . | . . . . . . . . Kick . | . . . . . . . . Crush 1 | . 1 . . . . . . Escape Stasis . | . . . . . . . . Rewire 1 | . . . . . . 1 . Trap . | . . . . . . . . Miscellaneous 12 | . . 12 . . . . . Route ------- -11/Scrapyard -10/Materials (discovered 5 exits: [*Mat x3] / [*Min] / *Sub) -10/Subcaves (discovered 3 exits: [*Mat x2] / *Rec) -7/Recycling -5/Factory -5/Upper Caves -5/Warlord -4/Proximity Caves (discovered 1 exit: Fac) History --------- Turn | Location | Event 10 | -11/Scrapyard | Discovered new exit (range 15) 71 | -11/Scrapyard | Entered Materials 300 | -10/Materials | Build established: Mutant 636 | -10/Materials | Discovered new exit (range 3) 773 | -10/Materials | Discovered new exit (range 16) 1029 | -10/Materials | Discovered new exit (range 5) 1419 | -10/Materials | Discovered new exit (range 5) 1563 | -10/Materials | Repaired Imp. Light Cannon 2144 | -10/Materials | Discovered new exit (range 8) 2167 | -10/Materials | Entered Subcaves 2190 | -10/Subcaves | Learned Materials emergency access door positions 2580 | -10/Subcaves | Visited 4L-MR0's lab 2604 | -10/Subcaves | Found Cargo Legs 2605 | -10/Subcaves | Attached Cargo Legs, gained temporary slots: Utility x2 2848 | -10/Subcaves | Discovered new exit (range 6) 2918 | -10/Subcaves | Disturbed a concealed Subdweller 2932 | -10/Subcaves | Core integrity fell below 50% 3004 | -10/Subcaves | A swath of the cavern ceiling suddenly collapsed 3070 | -10/Subcaves | Build established: Derelict-Mutant 3254 | -10/Subcaves | Shifting Twisted Machinery released Flamer 3266 | -10/Subcaves | Discovered new exit (range 6) 3267 | -10/Subcaves | Shifting Twisted Machinery released Sub. Shrapnel Launcher 3767 | -10/Subcaves | Shifting Twisted Machinery released Hvy. Battle Rifle 3844 | -10/Subcaves | Shifting Twisted Machinery released Flamer 4898 | -10/Subcaves | Shifting Twisted Machinery released Humpback 4914 | -10/Subcaves | Shifting Twisted Machinery released Piercing Trap 5254 | -10/Subcaves | Discovered new exit (range 12) 5269 | -10/Subcaves | Core integrity fell below 20% 5323 | -10/Subcaves | Entered Recycling 5327 | -7/Recycling | Found Scrap Engine 5638 | -7/Recycling | Build established: Mutant 6386 | -7/Recycling | Discovered new exit (range 16) 6656 | -7/Recycling | Entered Factory 6656 | -5/Factory | Evolved 10 slots: Power x1, Propulsion x2, Utility x5, Weapon x2 7298 | -5/Factory | Discovered new exit (range 13) 7307 | -5/Factory | Build established: Construct 7322 | -5/Factory | Entered Upper Caves 7538 | -5/Upper Caves | Attracted the attention of an 0b10 base 7603 | -5/Upper Caves | Learned location of Armory (-3) 7603 | -5/Upper Caves | Learned Factory stockpile data 7603 | -5/Upper Caves | Learned Research stockpile data 7604 | -5/Upper Caves | Lost 4 parts (2u2w) 7627 | -5/Upper Caves | A Derelict revealed a hidden shortcut to "reach the base" 7627 | -5/Upper Caves | Identified exit to Warlord 7637 | -5/Upper Caves | Entered Warlord 7674 | -5/Warlord | Discovered new exit (range 8) 7677 | -5/Warlord | Identified exit to Proximity Caves 7861 | -5/Warlord | Opened side exit 7863 | -5/Warlord | Build established: Mutant 7947 | -5/Warlord | Warlord's base attacked by MAIN.C 8094 | -5/Warlord | Met Warlord 8280 | -5/Warlord | Lost 3 allies 8286 | -5/Warlord | Spotted Executioner 8297 | -5/Warlord | Warlord forces counterattacked 8348 | -5/Warlord | Lost 6 allies 8453 | -5/Warlord | Spotted B-86 Titan 8458 | -5/Warlord | Spotted B-75 Beast 8458 | -5/Warlord | Spotted Striker 8485 | -5/Warlord | Entered Proximity Caves 8487 | -4/Proximity Caves | Attracted the attention of an 0b10 checkpoint 8491 | -4/Proximity Caves | Core integrity fell below 50% 8542 | -4/Proximity Caves | Attracted the attention of an 0b10 base 8543 | -4/Proximity Caves | Identified exit to Factory 8543 | -4/Proximity Caves | Learned location of 1 exit from Factory 8569 | -4/Proximity Caves | Core integrity fell below 20% 8580 | -4/Proximity Caves | Spotted B-86 Titan 8587 | -4/Proximity Caves | Destroyed by S-27 Virus with Autogun Last Messages --------------- >>Query(Status Report 121X) INTERCEPTED DERELICT INTEL. Data stored: Factory exits (x1). 08544_ Slug penetrates Machine. 08544_ Machine disabled. 08548_ Structural Scanner destroyed. 08548_ S-27 Virus destroyed. 08562_ FC-Carbon Exoskeleton destroyed. 08562_ FC-Carbon Exoskeleton core remains intact and functional. 08566_ Particle-Ion Reactor destroyed. 08566_ Arm. Scrap Engine suffers catastophic network destabilization. 08566_ Scrap Engine core remains intact and functional. 08568_ S-27 Virus destroyed. 08577_ FC-Carbon Exoskeleton destroyed. 08577_ Scrap Engine damaged due to network destabilization (-7). 08584_ Scrap Engine destroyed. Map ----- +----------------------------------------------------+ | ??????????????????????????????????????????????? | | #??????????????????????????????????????????????? | | ####???????????????????????????????????????????? | | #???????????????????????????????????????????? | | #???????????????????????????????????????????? | | #?????#####?????????????????????????????????? | | ##????# ??????????????????????????????????? | | ###??# #??????????????????????????????????? | | ##?# #??????????????????????????????????? | | ### #??????????###???????#?????????????? | | #????????## ####### #?????????????? | | *%= ##??????## #?????????????? | | # ## ###????# #?????????????? | | ## ### ###### B ###????????????? | | ?# ##?## B ????????????? | | ?# #??## ??????????????? | | ?####?## ##### #????????????????? | | ?????## #??## ??????????????????? | | ???### ####" ;?????????????????????? | | ??# s #?????????????????????? | | ?# ## #?????????????????????? | | ########s #?????????????????????? | | ### ??#### ##????????????????????? | | ???# ######## ### %#????????????????????? | | ???## #???????# ## #????????????????????? | | ????##????????# ## @ #????????????????????? | | ??????????????# ### ##????????????????????? | | ??????????????# ##?## ###?????????????????????? | | ??????????????####???# ????????????????????????? | | ?????????????????????# ????????????????????????? | | ?????????????????????# ????????????????????????? | | ?????????????????????## ????????????????????????? | | ??????????????????????# ????????????????????????? | | ??????????????????????# ????????????????????????? | | ?????????????????????? ????????????????????????? | | ?????????????????????? ?????????????????????????? | | ?????????????????????? ?????????????????????????? | | ????????????????????? ?????????????????????????? | | ????????????????????? ?????????????????????????? | | ????????????????????? ???????????????????????????? | | ?????????????????????????????????????????????????? | | ?????????????????????????????????????????????????? | | ?????????????????????????????????????????????????? | | ?????????????????????????????????????????????????? | | ?????????????????????????????????????????????????? | | ?????????????????????????????????????????????????? | | ?????????????????????????????????????????????????? | | ?????????????????????????????????????????????????? | | ?????????????????????????????????????????????????? | | ?????????????????????????????????????????????????? | +----------------------------------------------------+ Best States ------------- Heat Dissipation 40 Energy Generation 19 Energy Capacity 305 Matter Stores 300 Matter Capacity 300 Sight Range 16 Robot Scan Range 15 Terrain Scan Range 16 Terrain Scan Density 10 Armor Coverage 900 Utility Shielding 33 Evasion (%) 59 Recoil Reduction 2 Kinecelleration 40 Offensive Hacking 14 Authchip Count 1 Item Schematics ----------------- Microactuators | -7/Recycling | Hacked Robot Schematics ------------------ None Fabricated ------------ Nothing Alien Tech Used ----------------- None Achievements -------------- Charge!!! Challenges ------------ None Game ------ Seed CommLatentThruster Manual? 0 Play Time 01:06:28 Cumulative 79.3 hours Start 2024.05.18 @ 14:38:09 End 2024.05.18 @ 15:48:07 Sessions 1 Manual Loads 0 Difficulty Rogue Special Mode None Game No. 122 Rogue 122 Adventurer 0 Explorer 0 Win Type - Total 1 Types 1/0/0/0/0/0/0/0/0 Lore% 39 Gallery% 43 Achievement% 32 Wizard Run 0 Options --------- Layout 1 ASCII 0 Keyboard 1 Movement Numpad Keybinds 0 Fullscreen 1 Font 24/Smallcaps Map View 50x35 Zoom Use 0% Tactical HUD 1 Map Filters NONE Filters NONE Steam 1 RUN: ab897d2c-0b8b-4f2d-b080-29489dbbb79b